 Dungeon Crawl Stone Soup version 0.21-a0-434-g806c6c2 (webtiles) character file.

27 slep the Insei (level 2, -5/21 HPs)
             Began as a Demonspawn Wanderer on Nov 9, 2017.
             Slain by a hobgoblin
             ... wielding a +0 club
              (6 damage)
             ... on level 1 of the Dungeon.
             The game lasted 00:01:20 (141 turns).

slep the Insei (Demonspawn Wanderer)                 Turns: 141, Time: 00:01:21

Health: -5/21      AC:  5    Str: 10    XL:     2   Next: 93%
Magic:  2/2        EV: 12    Int: 13    God:
Gold:   0          SH:  0    Dex: 14    Spells: 1/1 levels left

rFire    . . .     SeeInvis .   c - +0 falchion
rCold    . . .     Gourm    .   (no shield)
rNeg     . . .     Faith    .   a - +2 leather armour
rPois    .         Spirit   .   (no helmet)
rElec    .         Reflect  .   (no cloak)
rCorr    .         Harm     .   (no gloves)
MR       .....                  (no boots)
Stlth    ++........             (no amulet)
HPRegen  0.07/turn              (no ring)
MPRegen  0.08/turn              (no ring)

@: no status effects
A: talons 1
a: no special abilities


You were on level 1 of the Dungeon.
You were not hungry.

You visited 1 branch of the dungeon, and saw 1 of its levels.

Inventory:

Hand Weapons
 b - a +0 quarterstaff
 c - a +0 falchion (weapon)
 d - a +0 dagger
Armour
 a - a +2 leather armour (worn)
Comestibles
 f - a bread ration


   Skills:
 + Level 1.0 Fighting
 + Level 1.3 Long Blades
 + Level 2.2 Dodging
 + Level 2.0 Stealth
 + Level 3.2 Unarmed Combat
   Level 1.0 Evocations


You had one spell level left.
You didn't know any spells.

Dungeon Overview and Level Annotations

Branches:
Dungeon (1/15)

Altars:


Innate Abilities, Weirdness & Mutations

You have sharp toenails.


Message History

You hear an angry hiss.
The gnoll barely misses you.
You riposte.
You hit the gnoll but do no damage. You claw the gnoll.
The gnoll is moderately wounded.
A frilled lizard comes into view.
You hit the gnoll. Your kick misses the gnoll.
The gnoll is severely wounded.
The rat bites you but does no damage. The gnoll barely misses you.
You hit the gnoll.
You kill the gnoll!
Your Stealth skill increases to level 2!
The rat bites you but does no damage. x2
The hobgoblin hits you but does no damage.
A ball python comes into view.
You hit the hobgoblin.
The hobgoblin is almost dead.
The rat bites you.
* * * LOW HITPOINT WARNING * * *
The hobgoblin hits you with a club.
You die...

#.##.# # #.#.
#.##.# # #
....#####.##.# ##
#? ##
#............# #.
#.#.##...#####.####
#. ....#.#. #.#
..###. .#.#.#...
#.# ......
......#.#######.#
###### #r@.....##.#
#...
.S...lg.####.#.##
..### .#.#.####
#...## ###≈ ..
#..## #≈≈≈ #. #.##
#§§. .. #.# #### .
#.# ### #.# ##..
#.# #...


You could see a hobgoblin, a ball python, a frilled lizard and a rat.

Vanquished Creatures
  2 gnolls (D:1)
  3 hobgoblins (D:1)
  2 kobolds (D:1)
  A rat (D:1)
8 creatures vanquished.

Notes
Turn   | Place    | Note
-------+----------+-------------------------------------------
     0 | D:1      | slep the Demonspawn Wanderer began the quest for the Orb.
     0 | D:1      | slep set off with: a +2 leather armour, a +0 quarterstaff, a +0 falchion, a +0 dagger, a bread ration
     0 | D:1      | Reached XP level 1. HP: 15/15 MP: 1/1
    60 | D:1      | Reached skill level 3 in Unarmed Combat
    60 | D:1      | Gained mutation: You have sharp toenails. [demonic ancestry]
    60 | D:1      | Reached XP level 2. HP: 8/21 MP: 2/2
   141 | D:1      | HP: 1/21 [rat (3)]
   141 | D:1      | Slain by a hobgoblin

Vault maps used:
D:1:      dpeg_arrival_morbid_curiosity, st_stairs_11, serial_park_tiny_1,
          minmay_misc_feat_pillars

Skill      XL: |  1  2 |
---------------+-------+-----
Dodging        | 2 |  2.2
Unarmed Combat | 3 |  3.2
Stealth        | 2 |  2.0
Fighting       | |  1.0
Long Blades    | |  1.3
Evocations     | |  1.0

Action                   || total
-------------------------++-------
Melee: Falchion          ||    29
       Kick              ||     1
Armor: Leather armour    ||     8
Dodge: Dodged            ||    23
       Rpst.: Falchion   ||     7

Table legend:
 A = Spawn XP
 B = Non-spawn XP
 C = Spawn XP percentage of total XP
 D = Spawn monster count
 E = Non-spawn monster count
 F = Spawn count percentage of total count
 G = Total turns spent on level
                    A         B        C        D         E        F      G
               +---------+---------+-------+---------+---------+-------+---------
         Total |       0 |      39 |   0.0 |       0 |       8 |   0.0 |   141
               +---------+---------+-------+---------+---------+-------+---------
           D:1 |       0 |      39 |   0.0 |       0 |       8 |   0.0 |   141
               +---------+---------+-------+---------+---------+-------+---------
